 Dungeon Crawl Stone Soup version 0.30-a0-799-g109b55a442 (webtiles) character file.

Game seed: 10377108009940293022

4 Esekla the Sneak (level 1, -1/16 HPs)
             Began as an Octopode Delver on Feb 20, 2023.
             Slain by a black bear (2 damage)
             ... in the Ecumenical Temple.
             The game lasted 00:02:45 (372 turns).

Esekla the Sneak (Octopode Delver)                   Turns: 372, Time: 00:02:45

Health: -1/16      AC:  1    Str: 11    XL:     1   Next: 60%
Magic:  1/1        EV: 13    Int: 12    God:
Gold:   12         SH:  0    Dex: 13    Spells: 0/0 levels left

rFire   . . .      SeeInvis .    a - +0 falchion
rCold   . . .      Faith    .    (no shield)
rNeg    . . .      Spirit   .    (helmet restricted)
rPois   .          Reflect  .    (no amulet)
rElec   .          Harm     .    (no ring)
rCorr   .          Rampage  .    (no ring)
Will    .....                    (no ring)
Stlth   ++                       (no ring)
HPRegen 0.22/turn                (no ring)
MPRegen 0.07/turn                (no ring)
                                 (no ring)
                                 (no ring)

@: confused
A: almost no armour, amphibious, 8 rings, camouflage 1, gelatinous body 1,
(nimble swimmer 1), tentacles
a: no special abilities


You were in the Ecumenical Temple.
You visited 2 branches of the dungeon, and saw 2 of its levels.

You collected 12 gold pieces.

Inventory:

Hand Weapons
 a - a +0 falchion (weapon)
Wands
 f - a wand of digging (3)
Scrolls
 b - a scroll of fog
 c - a scroll of magic mapping
 g - a scroll of enchant armour {unknown}
Potions
 e - a potion of haste


   Skills:
 * Level 3.0 Fighting
 * Level 2.0 Long Blades
 * Level 2.0 Dodging
 + Level 6.7 Stealth
 * Level 0.1 Spellcasting


You couldn't memorise any spells.
You didn't know any spells.
Your spell library was empty.

Dungeon Overview and Level Annotations

Branches:
Dungeon (5/15)             Temple (1/1) D:5

Altars:
Ashenzari
Dithmenos
Elyvilon
Gozag
Hepliaklqana
Nemelex Xobeh
Okawaru
Qazlal
Sif Muna
Uskayaw
The Shining One

Annotations:
D:5 Menkaure


Innate Abilities, Weirdness & Mutations

You cannot wear most types of armour.
You are amphibious.
You can wear up to eight rings at the same time.
Your skin changes colour to match your surroundings (Stealth+).
Your rubbery body absorbs attacks. (AC +1, EV +1)
((You are camouflaged when in or above water. (Stealth+)))
You have tentacles for arms and can constrict up to eight enemies at once.


Message History

You climb downwards.
Welcome back to the Ecumenical Temple!
Reactivating autopickup.
There is a staircase back to the Dungeon here.
You hit the orc but do no damage. You grab the orc. You squeeze the orc!
You kill the orc!
Things that are here:
a +0 falchion; a +0 leather armour
There is an opulent altar of Gozag here.
You curl up in front of the altar of Gozag.
Gozag does not accept service from beggars like you!
The service fee for joining is currently 15 gold; you only have 12.
You start waiting.
Done waiting.
You start waiting.
Done waiting.
There is a staircase back to the Dungeon here.
You climb upwards.
Level annotation: Menkaure The black bear misses you.
The black bear claws you. The black bear closely misses you. x4
There is a staircase to the Ecumenical Temple here.
The orc wizard casts a spell at you.
You are confused.
The black bear misses you. The black bear claws you.
The black bear barely misses you.
You climb downwards.
Welcome back to the Ecumenical Temple!
There is a staircase back to the Dungeon here.
Okay, then.
The black bear attacks as you move away!
The black bear bites you. The black bear claws you.
* * * LOW HITPOINT WARNING * * *
The black bear completely misses you.
You hit the black bear. Your squeeze misses the black bear.
The black bear is lightly wounded.
The black bear misses you. The black bear barely misses you.
The black bear claws you.
* * * LOW HITPOINT WARNING * * *
You bump into the stone wall.
The black bear closely misses you. The black bear claws you.
You die...

##### ####)h@####
##_...[..._##
##...........##
##8...........8##
#...............#
##....#######....##
#_...##§§§§§##..._#
##...##§§§§§§§##...##
#8...#..§.§§§§.#...8#


You could see a black bear.

Vanquished Creatures
  2 orcs (Temple)
2 creatures vanquished.

Notes
Turn   | Place    | Note
-------+----------+-------------------------------------------
     0 | D:5      | Esekla the Octopode Delver began the quest for the Orb.
     0 | D:5      | Reached XP level 1. HP: 16/16 MP: 1/1
    15 | D:5      | Noticed an orc wizard
    35 | D:5      | Found a staircase to the Ecumenical Temple.
    52 | D:5      | Noticed Menkaure
    60 | Temple   | Entered the Ecumenical Temple
   112 | D:5      | Noticed a jelly
   115 | D:5      | Noticed a scorpion
   115 | D:5      | Noticed a jelly
   119 | D:5      | Noticed an iguana
   122 | D:5      | Noticed a black bear
   372 | Temple   | Slain by a black bear

Illustrated notes

Levels and vault maps discovered:
D:5:      layout_rooms, grunt_temple_overflow_cloverleaf,
          minmay_temple_entry_waves, uniq_menkaure
Temple:   hellmonk_temple_of_storms

Action                     || total
---------------------------++-------
  Melee: Falchion          ||     6
         Constrict         ||     2
         Tentacles         ||     1
    Use: Scroll            ||     1
 Armour: Skin              ||     1
  Dodge: Dodged            ||    22

Table legend: (Time is in decaauts)
 A = Elapsed time spent in this place.
 B = Non-inter-level travel time spent in this place.
 C = Inter-level travel time spent in this place.
 D = Time resting spent in this place.
 E = Time spent auto-exploring this place.
 F = Levels seen in this place.
 G = Mean time per level.
                   A        B        C        D        E       F      G
               +--------+--------+--------+--------+--------+-----+--------+
         Total |    375 |    375 |      0 |    200 |      0 |   2 |  187.5 |
       Dungeon |    102 |    102 |      0 |      0 |      0 |   1 |  102.0 |
        Temple |    273 |    273 |      0 |    200 |      0 |   1 |  273.0 |
               +--------+--------+--------+--------+--------+-----+--------+

Top non-repeatable levels by time:
  Temple: 273 daAuts
     D:5: 102 daAuts
